 Dungeon Crawl Stone Soup version 0.30-a0-939-gc8157cb160 (webtiles) character file.

Game seed: 2469176230268060181

49 Jeffwins the Chucker (level 4, -2/32 HPs)
             Began as a Human Wanderer on Mar 26, 2023.
             Slain by a black bear (4 damage)
             ... on level 4 of the Dungeon.
             The game lasted 00:01:43 (849 turns).

Jeffwins the Chucker (Human Wanderer)                Turns: 849, Time: 00:01:44

Health: -2/32      AC:  4    Str: 14    XL:     4   Next: 2%
Magic:  4/4        EV: 11    Int: 13    God:
Gold:   19         SH:  0    Dex: 12    Spells: 3/3 levels left

rFire   . . .      SeeInvis .    a - +2 dagger
rCold   . . .      Faith    .    (no shield)
rNeg    + . .      Spirit   .    f - +0 leather armour
rPois   .          Reflect  .    d - +0 helmet
rElec   .          Rampage  .    (no cloak)
rCorr   .                        (no gloves)
Will    .....                    (no boots)
Stlth   ++                       (no amulet)
HPRegen 0.25/turn                N - ring of positive energy
MPRegen 0.09/turn                (no ring)

@: brilliant
A: no striking features
a: no special abilities


You were on level 4 of the Dungeon.
You visited 1 branch of the dungeon, and saw 3 of its levels.

You collected 19 gold pieces.


   Skills:
 - Level 1.0 Fighting
 * Level 2.2(2.3) Short Blades
 - Level 1.0(1.7) Long Blades
 + Level 5.2 Throwing
 - Level 1.0 Armour
 + Level 2.0 Stealth
 - Level 1.0 Evocations


You had 3 spell levels left.
You didn't know any spells.
Your spell library was empty.

Inventory:

Hand Weapons
 a - a +2 dagger (weapon)
 c - a +0 falchion
Missiles
 b - a curare-tipped dart (quivered) {=f}
Armour
 d - a +0 helmet (worn)
 f - a +0 leather armour (worn)
Jewellery
 N - a ring of positive energy (left hand)
Scrolls
 e - 2 scrolls of teleportation {@r4}
 h - 5 scrolls of identify {unknown}
 k - a scroll of fog {unknown}
 m - a scroll of brand weapon {unknown}
 n - a scroll of vulnerability {unknown}
 o - a scroll of enchant weapon {unknown}
Potions
 g - a potion of mutation {unknown}
 i - a potion of lignification {unknown}
 l - a potion of cancellation {unknown}

Dungeon Overview and Level Annotations

Branches:
Dungeon (2/15)

Altars:
Hepliaklqana
Makhleb
Ru

Shops:
D:1

* #))h........#
##†#...h...#.##
#..####........
###.'####...####..#
#.......##h### .#.
#.......##...###....
#..h♣.♣.g####.....#
.+...♣g..'.##..####
#..♣.♣..#h@h..#
#.g.....#####..#
#.......# ..#
....g.#'#### ###
.ggg.<... ....(.....
........⚑..
#.##.#.⚑8..h #.
#.#..⚑...o


You could see a black bear (berserk, very poisoned), a howler monkey, a
hobgoblin and a goblin.


Message History

The black bear seems to slow down.
The black bear is moderately wounded.
The hobgoblin shouts!
The howler monkey howls!
You hear a shout!
The black bear bites you.
The black bear claws you but does no damage.
The black bear claws you.
Unknown command.
You hit the black bear.
The black bear is heavily wounded.
Unknown command.
You hit the black bear.
The black bear is almost dead.
The black bear shakes off its lethargy.
The black bear goes berserk!
The howler monkey closely misses you.
Unknown command.
You barely miss the black bear.
The black bear is almost dead.
The black bear barely misses you. The black bear claws you.
* * * LOW HITPOINT WARNING * * *
The black bear claws you.
* * * LOW HITPOINT WARNING * * *
The howler monkey closely misses you.
You hit the black bear but do no damage.
The black bear is almost dead.
The black bear bites you!
* * * LOW HITPOINT WARNING * * *
The black bear claws you.
You die...

Skill      XL: |  1  2  3  4 |
---------------+-------------+-----
Short Blades   | 1 2 |  2.2
Stealth        | 2 |  2.0
Fighting       | |  1.0
Long Blades    | |  1.0
Throwing       | |  5.2
Armour         | |  1.0
Evocations     | |  1.0

Action                     |  1- 3 |  4- 6 || total
---------------------------+-------+-------++-------
  Melee: Dagger            |   120 |     5 ||   125
         Punch             |     1 |       ||     1
  Throw: Dart              |       |     1 ||     1
    Use: Potion            |     1 |       ||     1
   Stab: Sleeping          |     1 |       ||     1
 Armour: Leather armour    |    40 |     1 ||    41
  Dodge: Dodged            |    73 |     3 ||    76

Levels and vault maps discovered:
D:1:      ldierk_walled_garden, layout_rooms, serial_shops, shop,
          nicolae_grassy_gnolls
D:2:      layout_basic, basic_altar, nicolae_underground_beach
D:4:      layout_rooms, nicolae_overflow_hidden_temple,
          chequers_temple_overflow_statue_of_worship,
          kennysheep_generic_room_10, uniq_robin

Notes
Turn   | Place    | Note
-------+----------+-------------------------------------------
     0 | D:1      | Jeffwins the Human Wanderer began the quest for the Orb.
     0 | D:1      | Jeffwins set off with the following items: a +2 dagger, 2
                  | curare-tipped darts {=f}, a +0 falchion, a +0 helmet, a
                  | scroll of teleportation {@r4}, a +0 leather armour.
     0 | D:1      | Reached XP level 1. HP: 15/15 MP: 1/1
    61 | D:1      | Found Kyhe's Assorted Antiques.
    90 | D:1      | Reached skill level 1 in Short Blades
    90 | D:1      | Reached XP level 2. HP: 9/21 MP: 2/2
   220 | D:1      | Reached XP level 3. HP: 16/26 MP: 3/3
   690 | D:2      | You fall into a shaft and drop 2 floors!
   727 | D:4      | Reached skill level 2 in Short Blades
   794 | D:4      | Found a burning altar of Makhleb.
   794 | D:4      | Found a sacrificial altar of Ru.
   794 | D:4      | Found a hazy altar of Hepliaklqana.
   822 | D:4      | Noticed a black bear
   844 | D:4      | Reached XP level 4. HP: 24/32 MP: 4/4
   845 | D:4      | Reached skill level 2 in Stealth
   849 | D:4      | HP: 2/32 [black bear (8)]
   849 | D:4      | Slain by a black bear

Vanquished Creatures
  A gnoll (D:1)
  A worm (D:4)
  An orc (D:4)
  3 ball pythons
  4 endoplasms (D:1)
  6 goblins
  2 hobgoblins
  3 quokkas
  3 bats (D:1)
  A frilled lizard (D:1)
  2 kobolds (D:1)
  5 rats (D:1)
32 creatures vanquished.

Vanquished Creatures (others)
  4 plants (D:1)
  5 toadstools (D:1)
9 creatures vanquished.

Grand Total: 41 creatures vanquished

Table legend: (Time is in decaauts)
 A = Elapsed time spent in this place.
 B = Non-inter-level travel time spent in this place.
 C = Inter-level travel time spent in this place.
 D = Time resting spent in this place.
 E = Time spent auto-exploring this place.
 F = Levels seen in this place.
 G = Mean time per level.
                   A        B        C        D        E       F      G
               +--------+--------+--------+--------+--------+-----+--------+
         Total |    838 |    823 |     15 |      3 |    583 |   3 |  279.3 |
       Dungeon |    838 |    823 |     15 |      3 |    583 |   3 |  279.3 |
               +--------+--------+--------+--------+--------+-----+--------+

Top non-repeatable levels by time:
     D:1: 681 daAuts
     D:4: 152 daAuts
     D:2: 4 daAuts

Table legend:
 A = Non-vault XP
 B = Vault XP
 C = Vault XP percentage of total XP
 D = Non-vault monster count
 E = Vault monster count
 F = Vault count percentage of total count
                 A         B        C        D         E       F
            +---------+---------+-------+---------+---------+-------
      Total |      37 |      34 |  47.9 |      23 |       9 |  28.1
            +---------+---------+-------+---------+---------+-------
        D:1 |      33 |      15 |  31.2 |      21 |       1 |   4.5
        D:4 |       4 |      19 |  82.6 |       2 |       8 |  80.0
            +---------+---------+-------+---------+---------+-------
